 Dungeon Crawl Stone Soup version 0.20.0-8-g6b59dc7 (webtiles) character file.

397 zhorgal the Cleaver (level 6, -18/51 HPs)
             Began as a Hill Orc Fighter on June 2, 2017.
             Was a Priest of Lugonu.
             Demolished by an ogre
             ... wielding a +0 giant club
              (24 damage)
             ... on level 4 of the Dungeon.
             The game lasted 00:11:46 (3217 turns).

zhorgal the Cleaver (Hill Orc Fighter)              Turns: 3217, Time: 00:11:46

Health: -18/51     AC:  9    Str: 21    XL:     6   Next: 83%
Magic:  8/8        EV:  5    Int:  8    God:    Lugonu [***...]
Gold:   166        SH:  9    Dex: 10    Spells: 5/5 levels left

rFire    . . .     SeeInvis .   a - +0 war axe
rCold    . . .     Gourm    .   c - +0 shield
rNeg     . . .     Faith    .   q - +0 chain mail
rPois    .         Spirit   .   (no helmet)
rElec    .         Reflect  .   (no cloak)
rCorr    .         Harm     .   (no gloves)
MR       .....                  (no boots)
Stlth    ..........             (no amulet)
Regen    0.2/turn               (no ring)
MPRegen  0.2/turn               (no ring)

@: no status effects
A: no striking features
a: Depart the Abyss, Bend Space, Banish, Renounce Religion


You were on level 4 of the Dungeon.
You worshipped Lugonu.
Lugonu was most pleased with you.
You were not hungry.

You visited 1 branch of the dungeon, and saw 4 of its levels.

You collected 166 gold pieces.

Inventory:

Hand Weapons
 a - a +0 war axe (weapon)
 r - a +0 hunting sling
 v - a +1 short sword of draining
Missiles
 s - 102 stones (quivered)
Armour
 b - a +0 scale mail
 c - a +0 shield (worn)
 q - a +0 chain mail (worn)
Jewellery
 C - an uncursed ring of wizardry {unknown}
Scrolls
 k - 6 scrolls of identify {unknown}
 l - a scroll of immolation {unknown}
 m - 3 scrolls of teleportation {unknown}
 p - a scroll of fog
 u - a scroll of enchant armour {unknown}
 x - a scroll of noise {unknown}
 y - a scroll of remove curse {unknown}
 D - a scroll of recharging {unknown}
Potions
 d - a potion of lignification {unknown}
 e - 3 potions of curing
 g - a potion of magic {unknown}
 j - a potion of mutation {unknown}
 n - a potion of degeneration {unknown}
 o - 4 potions of heal wounds {unknown}
 t - 3 potions of haste {unknown}
 w - a potion of berserk rage {unknown}
 z - a potion of agility {unknown}
 B - a potion of brilliance {unknown}
Comestibles
 f - 2 bread rations
 h - a meat ration
 i - a royal jelly


   Skills:
 - Level 3.6 Fighting
 * Level 8.3 Axes
 - Level 3.2 Armour
 - Level 3.2 Shields
 + Level 3.7 Invocations


You had 5 spell levels left.
You didn't know any spells.

Dungeon Overview and Level Annotations

Branches:
Dungeon (4/15)
 Temple: D:4-7

Altars:
Dithmenos
The Shining One
Lugonu


Message History

You barely miss the ogre.
The ogre is moderately wounded.
The ogre hits you with a giant club!
* * * LOW HITPOINT WARNING * * *
You hit the ogre.
The ogre is heavily wounded.
The ogre hits you with a giant club.
* * * LOW HITPOINT WARNING * * *
It was a potion of curing.
You feel better. The ogre hits you with a giant club!
* * * LOW HITPOINT WARNING * * *
Your shield and chain mail prevent you from hitting the ogre.
The ogre is heavily wounded.
You block the ogre's attack.
You completely miss the ogre.
The ogre is heavily wounded.
Your shield and chain mail prevent you from hitting the ogre.
The ogre is heavily wounded.
The ogre hits you with a giant club!!
You die...

.##.# #.###.##....###.#
#.# .##.#
#..##.....>.....# #.#
.##># #............. #.#
....# ##.##.#...... #.#
.#..# #.##.# #>..# #.#
.#..# #.##.# #...# ###.#
.#..# #.##.# #.# #...#
.#..# #.##.# #O# # #.###
....####.##.####@# #.#.#
##...............# #.#.#
#..###########..######.#.#
#..# #...........# #..#
##.####.....# ##..#
#.####.#.#[##### ....#
#..............# ###.#
######.#.#.###.# #.#
#.....# #.#


You could see an ogre.

Vanquished Creatures
  2 ogres (D:4)
  A centaur zombie (D:4)
  A hound skeleton (D:4)
  7 gnolls
  5 adders
  An ooze (D:3)
  3 worms (D:2)
  A dart slug (D:1)
  4 leopard geckos
  An orc (D:3)
  7 bats (D:1)
  3 giant cockroaches
  9 goblins
  6 hobgoblins
  5 jackals
  2 quokkas
  2 ball pythons (D:3)
  7 kobolds
  5 rats
72 creatures vanquished.

Notes
Turn   | Place    | Note
-------+----------+-------------------------------------------
     0 | D:1      | zhorgal the Hill Orc Fighter began the quest for the Orb.
     0 | D:1      | Reached XP level 1. HP: 19/19 MP: 1/1
    21 | D:1      | Reached skill level 3 in Axes
   117 | D:1      | Reached XP level 2. HP: 26/26 MP: 2/2
   188 | D:1      | Reached skill level 4 in Axes
   402 | D:1      | Reached XP level 3. HP: 27/31 MP: 3/3
   918 | D:2      | Reached skill level 5 in Axes
  1022 | D:2      | Found a shadowy altar of Dithmenos.
  1432 | D:2      | Reached XP level 4. HP: 38/39 MP: 4/4
  1658 | D:2      | Found a faded altar of an unknown god.
  1664 | D:2      | Became a worshipper of Lugonu the Unformed
  1664 | D:2      | Reached * piety under Lugonu
  1664 | D:2      | Reached ** piety under Lugonu
  1911 | D:3      | Reached skill level 6 in Axes
  1920 | D:3      | Reached skill level 1 in Invocations
  2188 | D:3      | Reached XP level 5. HP: 35/45 MP: 4/6
  2480 | D:3      | Found a glowing golden altar of the Shining One.
  2572 | D:3      | Reached skill level 7 in Axes
  2964 | D:4      | Noticed an ogre
  2972 | D:4      | Killed an ogre
  2972 | D:4      | Reached *** piety under Lugonu
  2972 | D:4      | Reached XP level 6. HP: 51/51 MP: 6/8
  2998 | D:4      | Reached skill level 8 in Axes
  3217 | D:4      | Demolished by an ogre

Skill      XL: |  1  2  3  4  5  6 |
---------------+-------------------+-----
Axes           | 3 4 5 6 7 8 |  8.3
Invocations    | 1 3 |  3.7
Fighting       | |  3.6
Armour         | |  3.2
Shields        | |  3.2

Action                   |  1- 3 |  4- 6 || total
-------------------------+-------+-------++-------
Melee: War axe           |   116 |   192 ||   308
  Use: Potion            |       |     2 ||     2
       Scroll            |       |     1 ||     1
  Eat: Chunk             |     2 |     6 ||     8
Armor: Scale mail        |    36 |       ||    36
       Chain mail        |    19 |    79 ||    98
Dodge: Dodged            |    44 |    38 ||    82
Block: Shield            |    62 |    77 ||   139
